 Dungeon Crawl Stone Soup version 0.18-a0-796-g4b90cf5 (webtiles) character file.

365 Proton the Cudgeler (level 6, -3/67 HPs)
             Began as an Ogre Fighter on Dec 14, 2015.
             Was an Initiate of Okawaru.
             Slain by a sky beast (5 damage)
             ... on level 4 of the Dungeon.
             The game lasted 00:07:35 (3419 turns).

Proton the Cudgeler (Ogre Fighter)                  Turns: 3419, Time: 00:07:35

Health: -3/67      AC:  3    Str: 24    XL:     6   Next: 68%
Magic:  6/6        EV:  8    Int:  7    God:    Okawaru [......]
Gold:   107        SH:  8    Dex:  9    Spells: 0 memorised, 5 levels left

rFire  . . .     SeeInvis .     a - +0 flail
rCold  + . .     Clarity  .     b - +0 robe
rNeg   . . .     SustAt   .     c - +0 shield
rPois  .         Gourm    .     (helmet restricted)
rElec  .         Spirit   .     (no cloak)
rCorr  .         Dismiss  .     (gloves unavailable)
rMut   .         Stasis   .     (boots unavailable)
MR     +....                    (no amulet)
Stlth  +.........               q - ring of protection from magic
                                n - ring of protection from cold

@: somewhat resistant to hostile enchantments, very unstealthy
A: unfitting armour, tough skin 1
a: Renounce Religion


You were on level 4 of the Dungeon.
You worshipped Okawaru.
Okawaru was noncommittal.
You were not hungry.

You visited 2 branches of the dungeon, and saw 6 of its levels.

You collected 107 gold pieces.

Inventory:

Hand Weapons
 a - a +0 flail (weapon)
Armour
 b - a +0 robe (worn)
 c - a +0 shield (worn)
Jewellery
 n - a ring of protection from cold (left hand)
 q - a ring of protection from magic (right hand)
 r - an uncursed ring of wizardry {unknown}
 y - an uncursed ring of positive energy {unknown}
Scrolls
 e - 4 scrolls of identify {unknown}
 i - a scroll of recharging {unknown}
 j - a scroll of enchant weapon {unknown}
 o - a scroll of blinking {unknown}
 s - a scroll of fog {unknown}
 v - a scroll of amnesia {unknown}
Potions
 d - a potion of might
 g - a potion of brilliance {unknown}
 h - a potion of cure mutation {unknown}
 k - 8 potions of curing {unknown}
 l - a potion of mutation {unknown}
 m - a potion of magic {unknown}
 p - a potion of degeneration {unknown}
 u - a potion of heal wounds {unknown}
 x - a potion of berserk rage {unknown}
 z - a potion of invisibility {unknown}
 A - a potion of haste {unknown}
Books
 t - a book of Enchantments

   Spells                             Type                      Level
   a - Cause Fear                     Hexes                        4
   b - Yara's Violent Unravelling     Hexes/Transmutation          5
   c - Silence                        Hexes/Air                    5
   d - Deflect Missiles               Charms/Air                   6
   e - Haste                          Charms                       6
   f - Discord                        Hexes                        8
 w - a book of Alchemy

   Spells                             Type                      Level
   a - Sublimation of Blood           Necromancy                   2
   b - Ignite Poison                  Fire/Transmutation/Poison    3
   c - Alistair's Intoxication        Transmutation/Poison         4
   d - Condensation Shield            Ice                          4
   e - Petrify                        Transmutation/Earth          4
   f - Irradiate                      Conjuration/Transmutation    5
Comestibles
 f - a bread ration


   Skills:
 + Level 5.9 Fighting
 * Level 6.8 Maces & Flails
 + Level 3.9 Dodging
 - Level 2.6 Shields


You had 5 spell levels left.
You didn't know any spells.

Dungeon Overview and Level Annotations

Branches:
Dungeon (5/15)             Temple (1/1) D:4

Altars:
Ashenzari
Cheibriados
Dithmenos
Elyvilon
Fedhas
Gozag
Kikubaaqudgha
Okawaru
Pakellas
Ru
Sif Muna
Trog
Xom
Yredelemnul
The Shining One

Shops:
D:4 =

Annotations:
D:4 Leszczynek's ghost, amateur OgAr


Innate Abilities, Weirdness & Mutations

You are too large for most types of armour.
You have tough skin (AC +1).


Message History

You closely miss the sky beast.
The sky beast is heavily wounded.
You block the sky beast's attack.
You hit the sky beast.
The sky beast is severely wounded.
The sky beast hits you but does no damage.
You barely miss the sky beast.
The sky beast is severely wounded.
The sky beast hits you.
* * * LOW HITPOINT WARNING * * *
The sky beast shocks you.
* * * LOW HITPOINT WARNING * * *
You closely miss the sky beast.
The sky beast is severely wounded.
The sky beast flickers out of sight!
Deactivating autopickup; reactivate with Ctrl-A.
Something hits you.
* * * LOW HITPOINT WARNING * * *
Something shocks you.
You die...

######### ## #.......#
.# #.####.### .# #.#
#...#
.############.####.###
..................>#
#####.###...#.####.#
#.# #...#≈≈{@..# #.#
#...#.###..# #.#
#...#.# #..# #.#
#...#.# #..# #÷#
#...### #..# #.# ###.#
#..# #####.# #.# #..#
......# #.# #..#
..###.# #.# #..#


There were no monsters in sight!

Vanquished Creatures
  A scorpion (D:4)
  A giant frog skeleton (D:4)
  An orc wizard (D:3)
  Ijyb (D:2)
  Natasha (thrice) (D:2)
  2 worker ants
  Robin (D:2)
  3 adders
  3 oozes
  An adder skeleton (D:4)
  3 worms
  2 giant geckos
  3 orcs (D:3)
  5 ball pythons
  4 bats
  16 goblins
  13 hobgoblins
  5 jackals (D:3)
  12 kobolds
  A quokka (D:3)
  5 giant newts
  4 rats
90 creatures vanquished.

Notes
Turn   | Place    | Note
--------------------------------------------------------------
     0 | D:1      | Proton the Ogre Fighter began the quest for the Orb.
     0 | D:1      | Reached XP level 1. HP: 24/24 MP: 1/1
    64 | D:1      | Reached XP level 2. HP: 28/32 MP: 2/2
   593 | D:2      | Reached XP level 3. HP: 39/39 MP: 3/3
   627 | D:2      | Noticed Ijyb
   643 | D:2      | Killed Ijyb
   826 | D:2      | Reached XP level 4. HP: 46/49 MP: 4/4
   836 | D:2      | Noticed Robin
   944 | D:2      | Noticed Natasha
   949 | D:2      | Killed Natasha
   969 | D:2      | Found an oddly glowing altar of Pakellas.
  1010 | D:2      | Reached skill level 5 in Maces & Flails
  1022 | D:2      | Killed Robin
  1133 | D:2      | Noticed Natasha
  1140 | D:2      | Killed Natasha
  1140 | D:2      | Reached XP level 5. HP: 47/55 MP: 5/5
  1149 | D:2      | Reached skill level 5 in Fighting
  1272 | D:2      | Noticed Natasha
  1276 | D:2      | Killed Natasha
  1457 | D:3      | HP: 2/57 [poisoned by a worker ant]
  1949 | D:3      | Reached skill level 6 in Maces & Flails
  2019 | D:3      | Reached XP level 6. HP: 54/66 MP: 6/6
  2416 | D:4      | Noticed Leszczynek's ghost (amateur OgAr)
  2947 | D:4      | Found Guqer's Jewellery Emporium.
  3105 | D:4      | Found a staircase to the Ecumenical Temple.
  3112 | Temple   | Entered the Ecumenical Temple
  3171 | Temple   | Became a worshipper of Warmaster Okawaru
  3300 | D:5      | Entered Level 5 of the Dungeon
  3419 | D:4      | HP: 2/67 [something (3)]
  3419 | D:4      | Slain by a sky beast

Vault maps used:
D:1:      moated_graveyard_arrival
D:2:      grunt_pakellas_basics, uniq_iyjb, uniq_robin, uniq_natasha
D:4:      grunt_temple_overflow_lords_of_destruction,
          minmay_temple_entry_junction2, first_bread, serial_shops, shop,
          uniq_edmund
Temple:   nicolae_temple_elliptical

Action                   |  1- 3 |  4- 6 || total
-------------------------+-------+-------++-------
Melee: Flail             |    72 |   272 ||   344
 Stab: Sleeping          |     1 |     1 ||     2
  Eat: Meat ration       |       |     1 ||     1
       Bread ration      |       |     1 ||     1
       Beef jerky        |       |     1 ||     1
